 Dungeon Crawl Stone Soup version 0.24-a0-762-gca426f56c8 (webtiles) character file.

Game seed: 7357703619546097883, levelgen mode: deterministic

90 Kohma the Bolt Thrower (level 4, -4/26 HPs)
             Began as a Kobold Hunter on Oct 3, 2019.
             Killed by divine providence
             ... invoked by an orc priest
              (15 damage)
             ... on level 3 of the Dungeon.
             The game lasted 00:07:58 (3007 turns).

Kohma the Bolt Thrower (Kobold Hunter)              Turns: 3007, Time: 00:07:59

Health: -4/26      AC:  5    Str:  9    XL:     4   Next: 85%
Magic:  5/5        EV: 15    Int: 13    God:
Gold:   144        SH:  0    Dex: 15    Spells: 2/4 levels left

rFire    . . .     SeeInvis .   b - +0 short sword
rCold    . . .     Gourm    .   (shield restricted)
rNeg     . . .     Faith    .   c - +0 leather armour
rPois    .         Spirit   .   e - +0 helmet
rElec    .         Reflect  .   s - +0 cloak
rCorr    .         Harm     .   (no gloves)
MR       .....                  (no boots)
Stlth    ++........             (no amulet)
HPRegen  0.08/turn              (no ring)
MPRegen  0.09/turn              (no ring)

@: no status effects
A: small, carnivore
a: no special abilities


You were on level 3 of the Dungeon.
You were very full.

You visited 1 branch of the dungeon, and saw 3 of its levels.

You collected 144 gold pieces.

Inventory:

Hand Weapons
 a - a +1 hand crossbow
 b - a +0 short sword (weapon)
 k - a +0 hunting sling
Missiles
 d - 19 bolts
 h - 41 arrows
 j - 115 stones
 l - 18 sling bullets
 q - 6 boomerangs (quivered)
Armour
 c - a +0 leather armour (worn)
 e - a +0 helmet (worn)
 s - a +0 cloak (worn)
Jewellery
 n - an uncursed ring of poison resistance {unknown}
Scrolls
 g - 4 scrolls of identify {unknown}
 m - 4 scrolls of remove curse {unknown}
 p - a scroll of immolation {unknown}
 r - a scroll of enchant weapon {unknown}
 t - a scroll of teleportation {unknown}
Potions
 i - a potion of heal wounds {unknown}
 o - a potion of flight {unknown}
 u - a potion of berserk rage {unknown}
Comestibles
 f - 7 rations
 v - a chunk of flesh


   Skills:
 - Level 2.2 Fighting
 - Level 0.2 Short Blades
 + Level 5.8 Crossbows
 + Level 3.2 Dodging
 + Level 1.3 Stealth
 - Level 0.7 Spellcasting
 - Level 1.2 Hexes
 - Level 1.3 Ice Magic


You had 2 spell levels left.
You knew the following spells:

 Your Spells              Type           Power        Failure   Level  Hunger
a - Ensorcelled Hibernat  Hex/Ice        #.....       36%         2    ###....

Your spell library contained the following spells:

 Spells                   Type           Power        Failure   Level  Hunger
 Corona                   Hex            #......      26%         1    ##.....
 Beastly Appendage        Tmut           #.....       38%         1    ##.....
 Sticks to Snakes         Tmut           #.......     52%         2    ###....
 Confuse                  Hex            #.......     58%         3    ####...
 Tukima's Dance           Hex            #.......     58%         3    ####...
 Dazzling Spray           Conj/Hex       #.....       67%         3    ####...
 Spider Form              Tmut/Pois      #.........   77%         3    ####...
 Ice Form                 Ice/Tmut       #.......     97%         4    #####..
 Blade Hands              Tmut           #.........   100%        5    ######.


Dungeon Overview and Level Annotations

Branches:
Dungeon (3/15)

Altars:


Innate Abilities, Weirdness & Mutations

You are small and have problems with some larger weapons.
You are carnivorous and can eat meat at any time.


Message History

The jackal bites you but does no damage.
The jackal closely misses you.
You closely miss the jackal.
The jackal is almost dead.
The jackal misses you.
You barely miss the jackal.
The jackal is almost dead.
The jackal barely misses you. The jackal completely misses you.
You barely miss the jackal.
The jackal is almost dead.
The jackal barely misses you.
The orc priest calls down the wrath of Beogh upon you.
Beogh smites you!
You hit the orc priest but do no damage.
The jackal bites you. The orc priest closely misses you. The jackal misses you.
You completely miss the orc priest. The jackal misses you.
The orc priest invokes the aid of Beogh against you.
Beogh smites you!
Ouch! That really hurt!
You die...

#.#.#.#.#.#+ ..
#.#.#.#.#.# ...
#.#.....# ...
#g#.#....+ #.#
#.#.#.....# #.##
..#.#.#....+#.#.#
..#.#.#....o#.#.##
#.#.#.#.#.#.#h#.#.#
#.#.#.#.#.#.#.#@#.##
.#.#.#.#+#.#.#o#.#.#
.#.#.#.....#.#.#.## #
#.#.....#.#.#.#.# .#
#.#.#.....#.#.#.##
#.#.#.#.#.#.#.#.#.#.#
.#<#.#.#.#.#.#.#.#.##
#.#รท#.#.#.#.#.#.#.#.#
.#.#.#.#.#.#.#.#.#.##


You could see an orc priest, an orc and a jackal.

Vanquished Creatures
  Crazy Yiuf (D:2)
  An adder (D:2)
  2 oozes (D:1)
  2 worms (D:2)
  A leopard gecko (D:2)
  A giant cockroach (D:3)
  5 goblins
  5 hobgoblins (D:1)
  5 jackals (D:3)
  A quokka (D:2)
  3 bats
  3 frilled lizards
  2 kobolds (D:1)
  5 rats
37 creatures vanquished.

Notes
Turn   | Place    | Note
-------+----------+-------------------------------------------
     0 | D:1      | Kohma the Kobold Hunter began the quest for the Orb.
     0 | D:1      | Reached XP level 1. HP: 12/12 MP: 1/1
   114 | D:1      | Reached skill level 5 in Crossbows
   453 | D:1      | Reached XP level 2. HP: 17/17 MP: 2/2
   646 | D:1      | Reached XP level 3. HP: 16/21 MP: 3/3
  1002 | D:2      | Learned a level 2 spell: Ensorcelled Hibernation
  1695 | D:2      | Reached XP level 4. HP: 20/26 MP: 4/4
  2026 | D:2      | Found a runed translucent door.
  2027 | D:2      | Noticed Crazy Yiuf
  2137 | D:2      | HP: 1/26 [Crazy Yiuf/+4 quarterstaff of chaos (8)]
  2138 | D:2      | Killed Crazy Yiuf
  2138 | D:2      | Reached skill level 1 in Hexes
  2138 | D:2      | Reached skill level 1 in Ice Magic
  3007 | D:3      | Killed from afar by an orc priest

Levels and vault maps discovered:
D:1:      wander_arrival_estate, layout_basic
D:2:      layout_loops_ring, uniq_crazy_yiuf_cottage
D:3:      layout_basic, amethyst_overflow_temple_binary, uniq_jessica

Skill      XL: |  1  2  3  4 |
---------------+-------------+-----
Crossbows      | 5 |  5.8
Dodging        | 3 |  3.2
Hexes          | 1 |  1.2
Ice Magic      | 1 |  1.3
Fighting       | |  2.2
Short Blades   | |  0.2
Stealth        | |  1.3
Spellcasting   | |  0.7

Action                   |  1- 3 |  4- 6 || total
-------------------------+-------+-------++-------
Melee: Short sword       |   111 |    61 ||   172
 Fire: Hand crossbow     |       |     8 ||     8
 Stab: Sleeping          |     4 |       ||     4
  Eat: Chunk             |    11 |     2 ||    13
Armor: Leather armour    |    11 |     3 ||    14
       Ring mail         |     5 |    11 ||    16
Dodge: Dodged            |    80 |    46 ||   126

Table legend:
 A = Non-vault XP
 B = Vault XP
 C = Vault XP percentage of total XP
 D = Non-vault monster count
 E = Vault monster count
 F = Vault count percentage of total count
                 A         B        C        D         E       F
            +---------+---------+-------+---------+---------+-------
      Total |      90 |      39 |  30.2 |      36 |       1 |   2.7
            +---------+---------+-------+---------+---------+-------
        D:1 |      39 |       0 |   0.0 |      18 |       0 |   0.0
        D:2 |      36 |      39 |  52.0 |      10 |       1 |   9.1
        D:3 |      15 |       0 |   0.0 |       8 |       0 |   0.0
            +---------+---------+-------+---------+---------+-------
